 Dungeon Crawl Stone Soup version 0.23.2 (webtiles) character file.

Game seed: 10983335852456794051

93 Revguard the Grave Robber (level 4, -5/30 HPs)
             Began as a Mummy Necromancer on Apr 11, 2019.
             Killed from afar by Ijyb (10 damage)
             ... with a wand of flame (14)
             ... on level 2 of the Dungeon.
             The game lasted 00:13:02 (2584 turns).

Revguard the Grave Robber (Mummy Necromancer)       Turns: 2584, Time: 00:13:03

Health: -5/30      AC:  4    Str: 11    XL:     4   Next: 37%
Magic:  0/9        EV: 11    Int: 15    God:
Gold:   115        SH:  5    Dex: 12    Spells: 1/10 levels left

rFire    x . .     SeeInvis .   (no weapon)
rCold    + . .     Gourm    .   (no shield)
rNeg     + + +     Faith    .   k - +0 leather armour
rPois    ∞         Spirit   .   j - +0 hat
rElec    .         Reflect  +   (no cloak)
rCorr    .         Harm     .   i - +0 pair of gloves (curse)
MR       .....                  (no boots)
Stlth    +++.......             g - +5 amulet of reflection
HPRegen  0.10/turn              b - ring of stealth
MPRegen  0.11/turn              (no ring)

@: no status effects
A: no food or potions, fire vulnerability, cold resistance 1, negative energy
resistance 3, torment resistance, unbreathing
a: no special abilities


You were on level 2 of the Dungeon.
You were not hungry.

You visited 1 branch of the dungeon, and saw 3 of its levels.

You collected 115 gold pieces.

Inventory:

Armour
 i - a cursed +0 pair of gloves (worn)
 j - a +0 hat (worn)
 k - a +0 leather armour (worn)
Jewellery
 b - a ring of stealth (left hand)
 g - a +5 amulet of reflection (around neck)
Scrolls
 a - a scroll of remove curse {unknown}
 c - 5 scrolls of identify
 e - 3 scrolls of fog


   Skills:
 + Level 0.1 Armour
 + Level 1.7 Dodging
 + Level 1.6 Stealth
 - Level 0.1 Unarmed Combat
 + Level 3.6 Spellcasting
 + Level 5.3 Necromancy


You had one spell level left.
You knew the following spells:

 Your Spells              Type           Power        Failure   Level  Hunger
a - Pain                  Necr           ###.         2%          1    N/A
b - Animate Skeleton      Necr           N/A          2%          1    N/A
c - Vampiric Draining     Necr           ###.......   9%          3    N/A
d - Animate Dead          Necr           N/A          28%         4    N/A

Your spell library contained the following spells:

 Spells                   Type           Power        Failure   Level  Hunger
 Regeneration             Chrm/Necr      Unusable     N/A         3    N/A

Dungeon Overview and Level Annotations

Branches:
Dungeon (3/15)

Altars:
Vehumet

Annotations:
D:2 Ijyb


Innate Abilities, Weirdness & Mutations

You do not eat or drink.
Your flesh is vulnerable to fire.
You are immune to poison.
Your flesh is cold resistant. (rC+)
You are immune to negative energy. (rN+++)
You are immune to unholy pain and torment.
You can survive without breathing.


Message History

Casting: Pain (safe; 2% risk of failure)
Confirm with . or Enter, or press ? or * to list all spells.
Aiming: Pain (safe; 2% risk of failure)
Press: ? - help, Shift-Dir - straight line, f/p - adder
Aim: an adder (moderately wounded, chance to defeat MR: 84%)
The adder writhes in agony.
You block the adder's attack. The adder bites you.
* * * LOW HITPOINT WARNING * * *
The adder bites you.
* * * LOW HITPOINT WARNING * * *
Your magical contamination has completely faded away.
Casting: Pain (safe; 2% risk of failure)
Confirm with . or Enter, or press ? or * to list all spells.
Aiming: Pain (safe; 2% risk of failure)
Press: ? - help, Shift-Dir - straight line, f/p - adder
Aim: an adder (heavily wounded, chance to defeat MR: 84%)
The adder writhes in agony!
You kill the adder!
Ijyb zaps a wand.
The puff of flame hits you! The fire burns you terribly!
You die...

#.........#####..## ###..####.
#..........##....#####...## #. #
#.................Z....### #.
#######..#....##...####### #. .##
####......##.### #. ..#
#....###...#.########## ##
#.###.##..###g............#######
#......##.g####..................
###.Z#.###..####@..........####..
###.##.####...##.....[....## #.#
#...##..#####.##..........#####.#
#.###......##.#.................#
#.# #...##<.#>#.#..........##..##
#.# ##..###..[.................##
#.# #..# ##.###..######...###...
#.# #..####.# ##..#####.### #...
#.# #.......#####.##....# ####


You could see Ijyb.

Vanquished Creatures
  4 adders (D:2)
  2 oozes
  A worm (D:2)
  A dart slug (D:1)
  A ball python (D:2)
  3 bats (D:1)
  7 goblins (D:1)
  5 hobgoblins
  4 jackals (D:2)
  5 kobolds
  2 frilled lizards (D:2)
  3 rats (D:1)
38 creatures vanquished.

Vanquished Creatures (collateral kills)
  A bat (D:1)
  A goblin (D:1)
  A hobgoblin (D:1)
  2 kobolds (D:1)
  A rat (D:1)
6 creatures vanquished.

Grand Total: 44 creatures vanquished

Notes
Turn   | Place    | Note
-------+----------+-------------------------------------------
     0 | D:1      | Revguard the Mummy Necromancer began the quest for the Orb.
     0 | D:1      | Reached XP level 1. HP: 13/13 MP: 4/4
     2 | D:1      | Learned a level 1 spell: Animate Skeleton
   165 | D:1      | Reached XP level 2. HP: 11/19 MP: 0/5
   909 | D:1      | Reached XP level 3. HP: 22/24 MP: 5/7
   914 | D:1      | Learned a level 3 spell: Vampiric Draining
  1543 | D:2      | Reached skill level 5 in Necromancy
  1957 | D:2      | Reached XP level 4. HP: 21/30 MP: 2/9
  1981 | D:2      | Learned a level 4 spell: Animate Dead
  2151 | D:2      | Found a radiant altar of Vehumet.
  2553 | D:3      | Noticed Ijyb
  2584 | D:2      | Killed from afar by Ijyb

Skill      XL: |  1  2  3 |
---------------+----------+-----
Spellcasting   | 3 |  3.6
Necromancy     | 5 |  5.3
Armour         | |  0.1
Dodging        | |  1.7
Stealth        | |  1.6
Unarmed Combat | |  0.1

Action                   |  1- 3 |  4- 6 || total
-------------------------+-------+-------++-------
Melee: Unarmed           |    51 |    21 ||    72
 Cast: Pain              |    61 |    12 ||    73
       Animate Skeleton  |    17 |     1 ||    18
       Vampiric Draining |     1 |     1 ||     2
       Animate Dead      |       |     2 ||     2
  Use: Scroll            |     4 |       ||     4
Armor: Robe              |    11 |       ||    11
       Leather armour    |     4 |     7 ||    11
Dodge: Dodged            |    48 |    22 ||    70
Block: Other             |    12 |     9 ||    21
